[Event "Team 45 45 League T34"]
[Site "Internet Chess Club"]
[Date "2007.07.29"]
[Round "2"]
[White "Berkshires"]
[Black "Warpdrive"]
[Result "0-1"]
[WhiteElo "1505"]
[BlackElo "1639"]
[Opening "Ruy Lopez: closed Berlin defense, Bernstein variation"]
[ECO "C48"]
[Time "16:59:25"]
[TimeControl "2700+45"]

1. e4 Nf6 2. Nc3 e5 3. Nf3 Nc6 4. Bb5 d6 5. d4 Bd7 6. Bg5 Be7 7. O-O a6 8. Ba4
b5 9. Bb3 Nxd4 10. Nxd4 exd4 11. Ne2 Nxe4 12. Bxe7 Qxe7 13. Nxd4 Nc5 14. Re1 Ne6
15. Nxe6 fxe6 16. Qh5+ Qf7 17. Qe2 O-O-O 18. Bxe6 Bxe6 19. Qxe6+ Qxe6 20. Rxe6
Rde8 21. Rae1 Rxe6 22. Rxe6 Kd7 23. Re3 a5 24. a3 c5 25. b3 Re8 26. Rxe8 Kxe8
27. c4 bxc4 28. bxc4 Ke7 29. f4 d5 30. Kf2 d4 31. g4 Kf6 32. h4 g6 33. g5+ Kf5
34. Kf3 d3 35. Ke3 a4 36. Kxd3 Kxf4 37. Kd2 Ke4 38. Kc3 Ke3 39. Kc2 Kd4 40. Kd2
Kxc4 41. Kc2 Kd4 42. Kd2 c4 43. Kc2 c3 44. Kc1 Kd3 45. Kd1 c2+ 46. Kc1 Kc3 47.
h5 Kb3 48. h6 Kxa3 49. Kxc2 Kb4 50. Kb2 Kc4 51. Ka3 Kd4 52. Kxa4 Ke4 53. Kb4 Kf5
54. Kc4 Kxg5 55. Kd4 Kxh6 56. Ke4 Kg5 57. Kf3 Kh4 58. Kg2 g5 59. Kh2 g4 60. Kg2
h5 61. Kh2 Kg5 62. Kg3 h4+ 63. Kg2 Kf4 64. Kf2 h3 65. Kg1 Kf3 66. Kh1 Kf2 67.
Kh2 g3+ 68. Kh1 g2+ 69. Kh2 g1=Q+ 70. Kxh3 Qg3# {White checkmated} 0-1

[Event "Team 45 45 League T34"]
[Site "Internet Chess Club"]
[Date "2007.07.30"]
[Round "2"]
[White "ADIOKiddo4Ever"]
[Black "malihini"]
[Result "1-0"]
[WhiteElo "1413"]
[BlackElo "1347"]
[Opening "Caro-Kann: advance variation"]
[ECO "B12"]
[Time "20:59:14"]
[TimeControl "2700+45"]

1. e4 c6 2. d4 d5 3. e5 Bf5 4. Bd3 Bxd3 5. Qxd3 e6 6. Nf3 c5 7. c3 cxd4 8. cxd4
Bb4+ 9. Nc3 Ne7 10. Bg5 Nbc6 11. O-O Rc8 12. Ne2 Qd7 13. Ng3 Nf5 14. Nxf5 exf5
15. Nh4 Be7 16. Bxe7 Nxe7 17. Rfc1 O-O 18. f4 Rxc1+ 19. Rxc1 Rc8 20. Qd2 Nc6 21.
Rc3 g6 22. Rh3 Nd8 23. Rc3 Ne6 24. g3 Rc4 25. Rxc4 dxc4 26. Nf3 Qd5 27. Qc3 Qe4
28. b3 Qb1+ 29. Ne1 Qxa2 30. Qxc4 Qb2 31. d5 Nd4 32. d6 Nf3+ 33. Nxf3 Qa1+ 34.
Kg2 Qa5 35. d7 Qd8 36. Qc8 {Black resigns} 1-0

[Event "Team 45 45 League T34"]
[Site "Internet Chess Club"]
[Date "2007.07.29"]
[Round "2"]
[White "Ernie1"]
[Black "DaveTheRook"]
[Result "1-0"]
[WhiteElo "1700"]
[BlackElo "1655"]
[Opening "Saragossa opening"]
[ECO "A00"]
[Time "13:57:16"]
[TimeControl "2700+45"]

1. c3 Nf6 2. d4 g6 3. Nf3 Bg7 4. Bg5 d6 5. e3 Nbd7 6. Bd3 O-O 7. Qc2 c5 8. h4
Re8 9. h5 Nxh5 10. Rxh5 gxh5 11. Bxh7+ Kh8 12. Nbd2 Nf6 13. Bxf6 Bxf6 14. O-O-O
cxd4 15. Rh1 Qa5 16. Nxd4 Bxd4 17. exd4 Qg5 18. f4 Qxg2 19. Be4 Qg4 20. Bf3 Qg6
21. Rxh5+ Kg7 22. Rg5 Bf5 23. Qxf5 {Black resigns} 1-0

[Event "Team 45 45 League T34"]
[Site "Internet Chess Club"]
[Date "2007.07.30"]
[Round "2"]
[White "TIP"]
[Black "WoadRaider"]
[Result "0-1"]
[WhiteElo "1537"]
[BlackElo "1653"]
[Opening "Sicilian defense"]
[ECO "B30"]
[Time "18:20:23"]
[TimeControl "2700+45"]

1. e4 c5 2. Nf3 Nc6 3. Nc3 g6 4. Bb5 Bg7 5. Bxc6 dxc6 6. O-O Nf6 7. e5 Nd5 8. d4
cxd4 9. Qxd4 O-O 10. Be3 Bg4 11. Qxg4 Nxe3 12. fxe3 Qb6 13. Rae1 Qxb2 14. Ne4
Qxc2 15. Nd4 Qxa2 16. Ng5 h6 17. Ngf3 c5 18. Ra1 Qd5 19. Nb5 Qd3 20. Na3 Qxe3+
21. Kh1 Rad8 22. Nc4 Qc3 23. e6 h5 24. exf7+ Rxf7 25. Qe6 Qf6 26. Qxf6 Bxf6 27.
Nfe5 Bxe5 28. Rxf7 Bxa1 29. Rf1 Bc3 30. h3 b5 31. Ne3 a5 32. Nd1 Bb4 33. Ne3 c4
34. Nc2 Rd2 35. Ne3 Bc5 36. Nd1 b4 37. Rf4 c3 38. Nxc3 bxc3 39. Rc4 Bd6 40. Rc8+
Kf7 41. g4 hxg4 42. Rxc3 gxh3 43. Rf3+ Kg7 44. Rxh3 Rh2+ 45. Rxh2 Bxh2 46. Kxh2
Kf6 47. Kg1 Ke5 48. Kf1 Kd4 49. Ke1 e5 50. Kd1 g5 51. Kc2 g4 52. Kb3 g3 53. Ka4
g2 54. Kxa5 g1=Q 55. Kb4 Qc1 56. Kb3 Qc3+ 57. Ka4 Qb2 58. Ka5 Kc5 59. Ka6 Qb6#
{White checkmated} 0-1

[Event "Team 45 45 League T34"]
[Site "Internet Chess Club"]
[Date "2007.07.27"]
[Round "2"]
[White "NESKAYA"]
[Black "okun"]
[Result "0-1"]
[WhiteElo "1530"]
[BlackElo "1519"]
[Opening "Pirc defense"]
[ECO "B07"]
[Time "11:05:27"]
[TimeControl "2700+45"]

1. e4 d6 2. d4 Nf6 3. Nc3 g6 4. b3 Bg7 5. Bb2 O-O 6. Nf3 b6 7. Bd3 Bb7 8. d5 c6
9. dxc6 Nxc6 10. O-O Nb4 11. a3 Nxd3 12. cxd3 Rc8 13. Rc1 Re8 14. Ne2 Qd7 15.
Qd2 Qb5 16. Ned4 Qa6 17. Rc2 Rxc2 18. Qxc2 Rc8 19. Qd2 Nd7 20. b4 Ne5 21. Nxe5
Bxe5 22. f4 Bg7 23. Rf3 Qa4 24. Ne2 Qb3 25. Bxg7 Kxg7 26. d4 Qe6 27. d5 Qxe4 28.
Nc3 Qf5 29. h3 h5 30. Rd3 h4 31. Ne2 Ba6 32. Re3 Rc7 33. Nd4 Qxf4 34. b5 Bb7 35.
Nc6 e6 36. dxe6 fxe6 37. Qc3+ Kh6 38. Rf3 Qe4 39. Qh8+ Rh7 40. Qf8+ Kh5 41. Qxd6
Qb1+ 42. Kh2 Qxb5 43. Nd4 Qc5 44. Qxc5+ bxc5 45. Nxe6 Bxf3 46. gxf3 c4 47. Nf4+
Kg5 48. Ne6+ Kf6 49. Nf4 Kf5 50. Nd5 Ke5 51. Nc3 Kd4 52. Ne2+ Ke3 53. Ng1 c3
{White resigns} 0-1

[Event "Team 45 45 League T34"]
[Site "Internet Chess Club"]
[Date "2007.07.29"]
[Round "2"]
[White "stpatzer"]
[Black "MarcoDeSade"]
[Result "1-0"]
[WhiteElo "1475"]
[BlackElo "1472"]
[Opening "Queen's pawn game"]
[ECO "D05"]
[Time "11:16:13"]
[TimeControl "2700+45"]

1. d4 d5 2. Nf3 Nf6 3. e3 e6 4. Bd3 c5 5. O-O Nbd7 6. b3 cxd4 7. Nxd4 Bc5 8. Bb2
O-O 9. Nd2 b6 10. e4 e5 11. Nf5 g6 12. Nh6+ Kg7 13. Ng4 d4 14. Nxf6 Nxf6 15. f4
Ng4 16. fxe5 Ne3 17. Qf3 Nxf1 18. Rxf1 Qe7 19. Nc4 Bb7 20. Nd6 Bxd6 21. exd6
Qxd6 22. e5 Bxf3 23. exd6 Bg4 24. Bxd4+ f6 25. h3 Be6 26. Re1 Rfe8 27. Rf1 Bf7
28. Bxf6+ Kg8 29. d7 Red8 30. Bxd8 Rxd8 31. Bb5 Be6 32. Rd1 Kf7 33. c4 Ke7 34.
Re1 Kd6 35. Kf2 Bxd7 36. Rd1+ Kc7 37. Bxd7 Rxd7 38. Rxd7+ Kxd7 39. Ke3 Kd6 40.
Kd4 h6 41. a3 a6 42. b4 Ke6 43. c5 b5 44. Ke4 h5 45. h4 Kd7 46. Kd5 {Black
resigns} 1-0

[Event "Team 45 45 League T34"]
[Site "Internet Chess Club"]
[Date "2007.07.30"]
[Round "2"]
[White "Allessia"]
[Black "backfire"]
[Result "1-0"]
[WhiteElo "2290"]
[BlackElo "1870"]
[Opening "Sicilian: closed, 6.Be3"]
[ECO "B26"]
[Time "15:02:02"]
[TimeControl "2700+45"]

1. e4 c5 2. Nc3 Nc6 3. g3 g6 4. Bg2 Bg7 5. d3 d6 6. Be3 e6 7. Qd2 Nge7 8. Nge2
Nd4 9. O-O O-O 10. f4 Rb8 11. h3 b5 12. g4 b4 13. Nd1 Bb7 14. Ng3 f5 15. c3 bxc3
16. bxc3 Ndc6 17. Rb1 Qd7 18. Nf2 Ba6 19. Rfd1 Rxb1 20. Rxb1 fxg4 21. hxg4 Bd4
22. Nd1 Bxe3+ 23. Qxe3 d5 24. Nf2 d4 25. cxd4 cxd4 26. Qd2 Qc7 27. Nh3 Rb8 28.
Rc1 Qb6 29. e5 Nb4 30. Rb1 Qa5 31. Rb3 Rb6 32. Ng5 Bc8 33. a3 Nbc6 34. Qxa5 Nxa5
35. Rxb6 axb6 36. N3e4 {Black resigns} 1-0

[Event "Team 45 45 League T34"]
[Site "Internet Chess Club"]
[Date "2007.07.26"]
[Round "2"]
[White "NoiselessBear"]
[Black "primerpaso"]
[Result "1/2-1/2"]
[WhiteElo "1804"]
[BlackElo "1739"]
[Opening "Réti: King's Indian attack"]
[ECO "A05"]
[Time "07:01:11"]
[TimeControl "2700+45"]

1. Nf3 Nf6 2. g3 g6 3. Bg2 Bg7 4. O-O c5 5. c3 d5 6. d3 Nc6 7. Nbd2 O-O 8. h3
Qc7 9. e4 Rd8 10. Qe2 e5 11. Nh2 Be6 12. f4 Qd7 13. g4 dxe4 14. Nxe4 Nxe4 15.
dxe4 exf4 16. Bxf4 Ne5 17. Bxe5 Bxe5 18. Nf3 Bc7 19. Ng5 Qd2 20. Qxd2 Rxd2 21.
Nxe6 fxe6 22. Rad1 Rad8 23. Rxd2 Rxd2 24. Rf2 Rd3 25. Kf1 Kg7 26. Ke2 Rg3 27. c4
Be5 28. Bf1 Bxb2 29. Rf3 Rg1 30. Rb3 Bd4 31. Rxb7+ Kf6 32. Rxa7 Ke5 33. Ra3 Kxe4
34. Rf3 h5 35. g5 Rxg5 36. a4 Rf5 37. Ra3 Rf2+ 38. Ke1 Rf7 39. Bg2+ Ke5 40. a5
Ra7 41. a6 g5 42. Bb7 g4 43. hxg4 hxg4 44. Kf1 Kf4 45. Kg2 Be3 46. Rd3 Bd4 47.
Rb3 e5 48. Rg3 e4 49. Bc8 Be5 50. Rxg4+ Ke3 51. Bb7 Kd3 52. Rxe4 Bd4 53. Re7 Kc3
54. Rd7 Be5 55. Kf3 Kb4 56. Ke4 Bb8 57. Kd5 Bh2 58. Kc6 Ka5 59. Kxc5 Bg1+ 60.
Kc6 Kb4 61. Rg7 Bd4 62. Rg4 Kxc4 63. Rxd4+ {Game drawn by mutual agreement}
1/2-1/2

[Event "Team 45 45 League T34"]
[Site "Internet Chess Club"]
[Date "2007.07.29"]
[Round "2"]
[White "cityprosecutor"]
[Black "burnsja2003"]
[Result "1-0"]
[WhiteElo "1726"]
[BlackElo "1743"]
[Opening "Sicilian defense"]
[ECO "B20"]
[Time "21:08:49"]
[TimeControl "2700+45"]

1. e4 c5 2. d3 e6 3. Nd2 d6 4. g3 Nf6 5. Bg2 Be7 6. Ngf3 Nc6 7. O-O O-O 8. a4
Qc7 9. Re1 Rb8 10. Nc4 e5 11. h3 Be6 12. Ne3 c4 13. Ng5 cxd3 14. Nxe6 fxe6 15.
Qxd3 Nb4 16. Qb3 a5 17. Qxe6+ Kh8 18. Bd2 Nc6 19. Nf5 Nd8 20. Qxe7 Qxe7 21. Nxe7
Nc6 22. Nxc6 bxc6 23. b3 Ra8 24. Bg5 h6 25. Bxf6 Rxf6 26. Rad1 Raf8 27. Rd2 Rb8
28. Red1 Rbf8 29. Rxd6 Rxf2 30. Rd8 Rf7 31. Rxf8+ Rxf8 32. Rd6 {Black resigns}
1-0

[Event "Team 45 45 League T34"]
[Site "Internet Chess Club"]
[Date "2007.07.29"]
[Round "2"]
[White "RingLord"]
[Black "Russ"]
[Result "1-0"]
[WhiteElo "1549"]
[BlackElo "1264"]
[Opening "Sicilian"]
[ECO "B50"]
[Time "10:05:04"]
[TimeControl "2700+45"]

1. e4 c5 2. Nf3 d6 3. Bd3 Nc6 4. c3 Nf6 5. Bc2 Bg4 6. d3 e6 7. Nbd2 d5 8. Ba4
Qc7 9. e5 Nd7 10. d4 cxd4 11. cxd4 Nxd4 12. h3 Bh5 13. g4 Nxf3+ 14. Nxf3 Bg6 15.
Bg5 Bb4+ 16. Bd2 Bxd2+ 17. Qxd2 O-O 18. Rc1 Qd8 19. O-O Nb6 20. Bb3 Rc8 21. h4
h6 22. h5 Be4 23. Qe2 Bxf3 24. Qxf3 Qg5 25. Rce1 Nd7 26. Qg3 Qd2 27. Qf3 Qxb2
28. Re2 Qd4 29. Rd1 Qb6 30. Qg3 Nc5 31. Bc2 Qa6 32. Red2 Kh8 33. g5 Rg8 34. Kh2
Nd7 35. Bd3 Qa3 36. Qf4 Qe7 37. gxh6 g5 38. hxg6 fxg6 39. Rg1 Rcf8 40. Qg3 g5
41. Bc2 Qf7 42. Kg2 Qf4 43. Qd3 Qf5 44. Qg3 Qf4 45. Qd3 Qf5 46. Qc3 Qg4+ 47. Kf1
Qf4 48. Qd3 Qf5 49. Qxf5 exf5 50. Rxd5 Nb6 51. Rd6 Re8 52. Bb3 Rgf8 53. e6 Rf6
54. Rxg5 Rxh6 55. Rxf5 Nc8 56. Rd7 Ne7 57. Rf7 Rh7 58. f4 Kg8 59. Rxh7 Kxh7 60.
f5 Kg8 61. f6 Nc8 62. f7+ Kf8 63. fxe8=Q+ Kxe8 64. Rxb7 Nd6 65. Rxa7 {Black
resigns} 1-0

[Event "Team 45 45 League T34"]
[Site "Internet Chess Club"]
[Date "2007.07.28"]
[Round "2"]
[White "Terte"]
[Black "Hazy"]
[Result "1-0"]
[WhiteElo "2016"]
[BlackElo "1887"]
[Opening "Giuoco Piano"]
[ECO "C50"]
[Time "00:59:24"]
[TimeControl "2700+45"]

1. e4 e5 2. Nf3 Nc6 3. Bc4 Bc5 4. O-O Nf6 5. d4 Nxd4 6. Nxe5 O-O 7. Be3 d5 8.
exd5 Qd6 9. Bxd4 Bxd4 10. Qxd4 Nd7 11. Nxd7 {Black resigns} 1-0

[Event "Team 45 45 League T34"]
[Site "Internet Chess Club"]
[Date "2007.07.29"]
[Round "2"]
[White "AVEMARIA"]
[Black "andreip"]
[Result "0-1"]
[WhiteElo "1802"]
[BlackElo "1999"]
[Opening "Caro-Kann: advance variation"]
[ECO "B12"]
[Time "15:02:00"]
[TimeControl "2700+45"]

1. e4 c6 2. d4 d5 3. e5 Bf5 4. Be3 e6 5. Nd2 a6 6. c4 dxc4 7. Bxc4 Ne7 8. Ne2
Nd5 9. O-O Be7 10. Ng3 Bg6 11. Bxd5 Qxd5 12. Qb3 Qxb3 13. Nxb3 Nd7 14. Rac1 O-O
15. f4 f6 16. f5 Bf7 17. fxe6 Bxe6 18. exf6 Bxf6 19. Ne4 Bxb3 20. Nxf6+ Rxf6 21.
axb3 Raf8 22. g3 Rxf1+ 23. Rxf1 Rxf1+ 24. Kxf1 Kf7 25. Ke2 Ke6 26. Kd3 Kd5 27.
Bf4 Nf8 28. h4 Ne6 29. Be5 c5 30. b4 cxd4 31. Bb8 Nd8 32. Ba7 Nc6 33. Bc5 Ne5+
34. Kd2 Ke4 35. Bf8 g6 36. Bg7 Nf3+ 37. Ke2 d3+ 38. Kd1 Nd4 39. Bxd4 Kxd4 40.
Kd2 h5 41. b5 axb5 {White resigns} 0-1

[Event "Team 45 45 League T34"]
[Site "Internet Chess Club"]
[Date "2007.07.28"]
[Round "2"]
[White "Victorianum"]
[Black "Duguesclin"]
[Result "0-1"]
[WhiteElo "1681"]
[BlackElo "1669"]
[Opening "Trompowsky attack (Ruth, Opocenský opening)"]
[ECO "A45"]
[Time "13:01:06"]
[TimeControl "2700+45"]

1. d4 Nf6 2. Bg5 e6 3. e3 Be7 4. Nd2 O-O 5. Bd3 h6 6. Bxf6 Bxf6 7. Ngf3 b6 8. c3
d5 9. O-O Bb7 10. Re1 c5 11. dxc5 bxc5 12. Qb3 Qb6 13. Qxb6 axb6 14. a3 Nd7 15.
e4 c4 16. Bc2 Nc5 17. e5 Be7 18. Nd4 f6 19. exf6 Rxf6 20. N2f3 Raf8 21. Rad1 Bd6
22. Rd2 Ne4 23. Rde2 e5 24. Nb5 Bc5 25. b4 Bxf2+ 26. Rxf2 Nxf2 27. Rxe5 Ne4 28.
Re7 Bc6 29. Nc7 Nxc3 30. Ne6 R6f7 31. Rxf7 Rxf7 32. Nd8 Rf6 33. h3 Ba8 34. Nd4
Rd6 35. N8e6 Ne2+ 36. Nxe2 Rxe6 37. Nd4 Re1+ 38. Kf2 Rc1 39. a4 Bc6 40. a5 bxa5
41. bxa5 Bb7 {White resigns} 0-1

[Event "Team 45 45 League T34"]
[Site "Internet Chess Club"]
[Date "2007.07.30"]
[Round "2"]
[White "Warpdrive"]
[Black "gugamircea"]
[Result "1/2-1/2"]
[WhiteElo "1636"]
[BlackElo "1582"]
[Opening "Sicilian: Pelikan (Lasker/Sveshnikov) variation"]
[ECO "B33"]
[Time "16:02:55"]
[TimeControl "2700+45"]

1. e4 c5 2. Nf3 Nc6 3. d4 cxd4 4. Nxd4 Nf6 5. Nc3 e5 6. Nb3 Bb4 7. f3 O-O 8. Be3
d5 9. exd5 Nxd5 10. Bd2 Nd4 11. Nxd5 Bxd2+ 12. Qxd2 Qxd5 13. Nxd4 exd4 14. Be2
Bf5 15. O-O Qc5 16. Bd3 Bxd3 17. Qxd3 Rac8 18. Rac1 Rfe8 19. Rfe1 h6 20. Re2 Re3
21. Rxe3 dxe3 22. Qe2 f5 23. g3 Rd8 24. Re1 Rd2 25. Qxe3 Qxe3+ 26. Rxe3 Rxc2 27.
Rb3 b6 28. a3 Kf7 29. Rb5 Ke6 30. f4 Rc5 31. Rb3 Kd5 32. Rd3+ Ke4 33. Rb3 b5 34.
h4 a5 35. Kf2 Rc2+ 36. Kf1 Rc1+ 37. Kf2 Rc2+ 38. Kf1 Rc1+ 39. Kf2 Rc2+ {Game
drawn by repetition} 1/2-1/2

[Event "Team 45 45 League T34"]
[Site "Internet Chess Club"]
[Date "2007.07.27"]
[Round "2"]
[White "achessman"]
[Black "livis"]
[Result "0-1"]
[WhiteElo "2055"]
[BlackElo "2000"]
[Opening "French: Chigorin variation"]
[ECO "C00"]
[Time "17:13:44"]
[TimeControl "2700+45"]

1. e4 e6 2. Qe2 c5 3. Nf3 Nc6 4. g3 d6 5. Bg2 g6 6. O-O Bg7 7. d3 Nge7 8. c3 O-O
9. h4 h6 10. Nbd2 e5 11. Nh2 f5 12. f4 exf4 13. gxf4 h5 14. Nc4 Be6 15. Ne3 Qd7
16. Nd5 Rae8 17. Bd2 Nd8 18. Qf2 Nf7 19. c4 Bxd5 20. exd5 Bxb2 21. Rae1 Nc8 22.
Be3 Bf6 23. Nf3 Re7 24. Bc1 Rfe8 25. Rxe7 Rxe7 26. Re1 Nh6 27. Rxe7 Qxe7 28. Qe3
Qxe3+ 29. Bxe3 Ng4 30. Bd2 a6 31. Ng5 Bxg5 32. hxg5 Kf7 33. Bf3 b5 34. Bd1 Ke7
35. Kg2 Kd7 36. Kf3 Kc7 37. Be2 b4 38. Bd1 Nb6 39. Bc1 a5 40. Kg3 a4 41. Kf3 Kb7
42. Bd2 Ka6 43. Be1 a3 44. Bb3 Ka5 45. Bd2 h4 46. Kg2 h3+ 47. Kxh3 Nf2+ 48. Kg2
Nxd3 49. Be3 Nb2 50. Bxc5 dxc5 51. d6 Nd7 52. Kf3 Kb6 {White resigns} 0-1

[Event "Team 45 45 League T34"]
[Site "Internet Chess Club"]
[Date "2007.07.29"]
[Round "2"]
[White "Vael"]
[Black "kabindra"]
[Result "0-1"]
[WhiteElo "1902"]
[BlackElo "1840"]
[Opening "Ruy Lopez: Worrall attack, solid line"]
[ECO "C77"]
[Time "11:30:22"]
[TimeControl "2700+45"]

1. e4 e5 2. Nf3 Nc6 3. Bb5 a6 4. Ba4 Nf6 5. Qe2 b5 6. Bb3 Be7 7. O-O d6 8. c3
Bg4 9. d3 O-O 10. Nbd2 d5 11. exd5 Na5 12. Bc2 Bd6 13. Nb3 Nb7 14. Bg5 a5 15. a4
bxa4 16. Rxa4 Qd7 17. Raa1 Nxd5 18. Qe4 Bxf3 19. Qxf3 c6 20. Nd2 h6 21. Be3 Nxe3
22. Qxe3 f5 23. Nc4 f4 24. Qe4 Nc5 25. Nxe5 Qe6 {White forfeits on time} 0-1

[Event "Team 45 45 League T34"]
[Site "Internet Chess Club"]
[Date "2007.07.30"]
[Round "2"]
[White "tourettes"]
[Black "fileman"]
[Result "1-0"]
[WhiteElo "1765"]
[BlackElo "1886"]
[Opening "KP: Nimzovich defense"]
[ECO "B00"]
[Time "14:03:47"]
[TimeControl "2700+45"]

1. e4 Nc6 2. Nc3 d6 3. g3 e5 4. Bg2 Nf6 5. Nge2 Be7 6. O-O O-O 7. d3 h6 8. h3
Be6 9. f4 exf4 10. Nxf4 d5 11. exd5 Nxd5 12. Nfxd5 Bxd5 13. Nxd5 {Black resigns}
1-0

[Event "Team 45 45 League T34"]
[Site "Internet Chess Club"]
[Date "2007.07.29"]
[Round "2"]
[White "Plattner"]
[Black "powerchess1"]
[Result "1/2-1/2"]
[WhiteElo "1768"]
[BlackElo "1761"]
[Opening "Queen's pawn game"]
[ECO "A46"]
[Time "10:05:06"]
[TimeControl "2700+45"]

1. d4 Nf6 2. Nf3 e6 3. Bf4 c5 4. e3 b6 5. c3 Bb7 6. Nbd2 Be7 7. Bd3 cxd4 8. exd4
O-O 9. O-O d6 10. Qe2 Nbd7 11. Rfe1 Re8 12. Nc4 Nf8 13. h4 b5 14. Ncd2 a6 15.
Ng5 h6 16. Nge4 Ng6 17. Bg3 Nxe4 18. Nxe4 Nxh4 19. Qh5 Nf5 20. Bh2 Bf8 21. Rad1
Rc8 22. a3 Qh4 23. Qxh4 Nxh4 24. f3 Nf5 25. Kf2 d5 26. Nd2 Bd6 27. g3 h5 28. f4
g6 29. Nf3 f6 30. Re2 Kg7 31. Rde1 Kf7 32. Nh4 Nxh4 33. gxh4 f5 34. Kg3 Bc6 35.
Bg1 Bd7 36. Be3 Rb8 37. Bd2 Bf8 {Game drawn by mutual agreement} 1/2-1/2

[Event "Team 45 45 League T34"]
[Site "Internet Chess Club"]
[Date "2007.07.28"]
[Round "2"]
[White "baumhauer"]
[Black "ETwoEFour"]
[Result "1/2-1/2"]
[WhiteElo "2009"]
[BlackElo "1998"]
[Opening "Sicilian defense"]
[ECO "B40"]
[Time "11:54:57"]
[TimeControl "2700+45"]

1. e4 c5 2. Nf3 e6 3. Nc3 a6 4. g3 b5 5. Bg2 Bb7 6. Qe2 b4 7. Nd1 d6 8. d3 Nf6
9. O-O Nc6 10. c3 Be7 11. h3 O-O 12. Bg5 Rb8 13. Nd2 a5 14. f4 a4 15. Nf3 h6 16.
Bh4 Qa5 17. Kh2 a3 18. c4 Bd8 19. b3 Nd7 20. Bxd8 Rbxd8 21. Ne3 Nf6 22. g4 Qc7
23. Qf2 Nh7 24. Qg3 Rfe8 25. h4 Nf8 26. h5 e5 27. f5 f6 28. Bh3 Nd4 29. Qf2 Nh7
30. Nh4 Ng5 31. Rg1 Qa5 32. Bg2 Qa7 33. Bh1 Bc6 34. Bf3 Bb7 {Game drawn by
mutual agreement} 1/2-1/2

[Event "Team 45 45 League T34"]
[Site "Internet Chess Club"]
[Date "2007.07.31"]
[Round "2"]
[White "CoronelCintra"]
[Black "Changuito-77"]
[Result "1-0"]
[WhiteElo "1959"]
[BlackElo "1776"]
[Opening "Ruy Lopez: exchange, Gligoric variation"]
[ECO "C69"]
[Time "15:01:18"]
[TimeControl "2700+45"]

1. e4 e5 2. Nf3 Nc6 3. Bb5 a6 4. Bxc6 dxc6 5. O-O f6 6. d4 exd4 7. Nxd4 c5 8.
Nb3 Qxd1 9. Rxd1 Bd6 10. Nc3 b6 11. Nd5 Ne7 12. Nxb6 Bxh2+ 13. Kxh2 cxb6 14. Bf4
Bb7 15. f3 Rc8 16. Rd2 Ng6 17. Bg3 Ke7 18. Rad1 Rhd8 19. a4 Ne5 20. Rxd8 Rxd8
21. Rxd8 Kxd8 22. a5 Kc7 23. axb6+ Kxb6 24. Bf2 Nd7 25. Nd2 Kb5 26. Kg3 c4 27.
Nb1 a5 28. Na3+ Kb4 29. Be1+ Kc5 30. Bxa5 Bc6 31. c3 Nb6 {Black resigns} 1-0

[Event "Team 45 45 League T34"]
[Site "Internet Chess Club"]
[Date "2007.08.05"]
[Round "2"]
[White "pishd"]
[Black "NoiselessBear"]
[Result "0-1"]
[WhiteElo "1752"]
[BlackElo "1828"]
[Opening "Trompowsky attack (Ruth, Opocenský opening)"]
[ECO "A45"]
[Time "08:03:40"]
[TimeControl "2700+45"]

1. d4 Nf6 2. Bg5 c6 3. c3 d5 4. e3 Nbd7 5. f4 Ne4 6. Bh4 h6 7. Nf3 g5 8. fxg5
hxg5 9. Bxg5 Nxg5 10. Nxg5 e5 11. Nh3 Bd6 12. Qe2 Nf6 13. Nf2 e4 14. h3 Nh5 15.
Qd2 Ng3 16. Rg1 Qg5 17. Na3 f5 18. Nh1 f4 19. Nxg3 fxe3 20. Qe2 Bxg3+ 21. Kd1
Bf2 22. Rh1 Bg4 23. hxg4 Rxh1 24. Kc2 b5 25. Nxb5 cxb5 26. Qxb5+ Kf8 27. a4 Bg3
28. Rd1 Rc8 29. Qa6 Rc7 30. Qe6 Rh6 31. Qf5+ Qxf5 32. gxf5 Rf6 33. Be2 Rxf5 34.
Rh1 Rf2 35. Kd1 Rxg2 36. Rh5 Rg1+ 37. Kc2 Rf7 38. Kb3 Rg2 39. Bb5 e2 {White
resigns} 0-1

[Event "Team 45 45 League T34"]
[Site "Internet Chess Club"]
[Date "2007.07.27"]
[Round "2"]
[White "civilization"]
[Black "Just-Jim"]
[Result "1-0"]
[WhiteElo "1480"]
[BlackElo "1356"]
[Opening "King's pawn game"]
[ECO "C50"]
[Time "17:56:54"]
[TimeControl "2700+45"]

1. e4 e5 2. Nf3 Nc6 3. Bc4 h6 4. d4 exd4 5. Nxd4 Nge7 6. Qf3 Ne5 7. Qb3 Nxc4 8.
Qxc4 d6 9. Nc3 Ng6 10. Bd2 Be7 11. Qd3 O-O 12. Nf5 Bxf5 13. exf5 Ne5 14. Qg3 Nc4
15. Bxh6 Bf6 16. O-O Kh7 17. Bf4 Rh8 18. Rfe1 Kg8 19. Rab1 c6 20. Re4 Bh4 21.
Qd3 d5 22. Re2 Bf6 23. b3 Na3 24. Rbe1 Qd7 25. Be5 Bxe5 26. Rxe5 d4 27. Re7 Qd6
28. Re8+ Rxe8 29. Rxe8+ Kh7 30. Qh3+ Qh6 31. Qxh6+ gxh6 32. Rxh8+ Kxh8 33. Ne4
Nxc2 34. Kf1 d3 35. Nd6 b5 36. Nxf7+ Kg7 37. Ne5 c5 38. Nxd3 c4 39. Nc1 cxb3 40.
axb3 a5 41. g4 Kf6 42. Ke2 a4 43. bxa4 bxa4 44. Kd3 Nb4+ 45. Kc4 Nc2 46. h4 Na3+
47. Kb4 Nc2+ 48. Kxa4 Nd4 49. Kb4 Nf3 50. Kc4 Nxh4 51. Kd3 Nf3 52. Ke3 Ne5 53.
Kf4 Nf7 54. Ne2 Ng5 55. Nd4 Nh3+ 56. Kg3 Ng5 57. Ne6 Nxe6 58. fxe6 Kxe6 59. Kh4
Kf6 60. Kh5 Kg7 61. f3 Kh7 62. f4 Kg7 63. f5 Kh7 64. f6 Kg8 65. Kxh6 Kf7 66. g5
Kg8 67. g6 Kf8 68. Kh7 Ke8 69. g7 {Black resigns} 1-0

[Event "Team 45 45 League T34"]
[Site "Internet Chess Club"]
[Date "2007.07.28"]
[Round "2"]
[White "klt713"]
[Black "g8wrb"]
[Result "0-1"]
[WhiteElo "1284"]
[BlackElo "1471"]
[Opening "Nimzo-Indian defense"]
[ECO "E20"]
[Time "09:05:51"]
[TimeControl "2700+45"]

1. d4 Nf6 2. c4 e6 3. Nc3 Bb4 4. Bd2 c5 5. d5 O-O 6. Nf3 b6 7. e4 Bxc3 8. Bxc3
Nxe4 9. Qc2 Nxc3 10. Qxc3 exd5 11. cxd5 d6 12. Be2 Re8 13. Qd2 Ba6 14. Ng1 Re5
15. O-O-O Bb7 16. Bf3 Qg5 17. Qxg5 Rxg5 18. Ne2 Nd7 19. Rhe1 Re8 20. Ng3 Kf8 21.
Rxe8+ Kxe8 22. b3 b5 23. Ne4 Rg6 24. g3 a5 25. Re1 Kf8 26. h4 Ne5 27. Be2 b4 28.
f4 Bxd5 29. f5 Rh6 30. Bb5 Bxe4 31. Rxe4 Ke7 32. Re1 Kf6 33. Rf1 Rh5 34. Rd1 Ke7
35. Rf1 Kd8 36. Be2 Rh6 37. Kc2 Kd7 38. Rf4 d5 39. Kd2 Rd6 40. Ke1 Kc7 41. Kf1
Rd8 42. g4 f6 43. g5 Ra8 44. gxf6 gxf6 45. Kf2 a4 46. Bb5 axb3 47. axb3 Ra3 48.
Ke1 Rxb3 49. Kd2 Rg3 50. Rf2 b3 51. Ke1 c4 52. Kf1 c3 53. Ba4 b2 54. Bc2 Kd6 55.
Ke2 d4 56. Kd1 d3 57. Bxd3 Nxd3 58. Rc2 b1=Q+ 59. Ke2 Qxc2+ {White resigns} 0-1

[Event "Team 45 45 League T34"]
[Site "Internet Chess Club"]
[Date "2007.07.28"]
[Round "2"]
[White "archae13"]
[Black "fuzzface"]
[Result "0-1"]
[WhiteElo "1284"]
[BlackElo "1298"]
[Opening "Three knights game"]
[ECO "C46"]
[Time "10:01:13"]
[TimeControl "2700+45"]

1. e4 e5 2. Nf3 Nc6 3. Nc3 Bb4 4. Be2 d6 5. O-O Nf6 6. d3 O-O 7. a3 Bxc3 8. bxc3
h6 9. Bxh6 gxh6 10. Nh4 Nxe4 11. dxe4 Qxh4 12. Qd3 Kh8 13. Qf3 Qf4 14. Qh5 Qg5
15. f4 Qxh5 16. Bxh5 Kg7 17. f5 f6 18. Rf3 Ne7 19. Rg3+ Kh8 20. Rf1 Bd7 21. Rff3
Rg8 22. Rh3 Rg5 23. Bg6 Nxg6 24. Rxh6+ Kg7 25. Rfh3 Rh8 26. Rxg6+ Rxg6 27. fxg6
Bxh3 28. gxh3 Rxh3 {White resigns} 0-1

[Event "Team 45 45 League T34"]
[Site "Internet Chess Club"]
[Date "2007.08.01"]
[Round "2"]
[White "ffplayer"]
[Black "rpgrossman"]
[Result "1-0"]
[WhiteElo "1255"]
[BlackElo "1089"]
[Opening "Queen's pawn: Charlick (Englund) gambit"]
[ECO "A40"]
[Time "22:11:13"]
[TimeControl "2700+45"]

1. d4 e5 2. dxe5 Nc6 3. Nf3 b6 4. Bg5 Nge7 5. e3 g6 6. Nc3 Bg7 7. Nd5 Bxe5 8.
Nxe5 f6 9. Bxf6 O-O 10. Nxc6 Bb7 11. Nxd8 Nxd5 12. Nxb7 Nxf6 13. Bc4+ Kg7 14.
Be2 Ne4 15. Bf3 Ng5 16. Qxd7+ Rf7 17. Qd4+ Kg8 18. Nd6 Rd8 19. Bd5 Rxd6 20.
Bxf7+ Nxf7 21. Qc3 {Black resigns} 1-0